Map: [ESL] Oceanborn

Players

XYXY (XY)

  • Race: Terran Terran
  • Spawn Location: 5:00

Firefly - Winner!

  • Race: Protoss Protoss
  • Spawn Location: 11:00

Event: ESL SC2 Masters 2024 Spring (Regional)

VOD

Have the link to the VOD?

Description

Time

  • Played on: April 14, 2024, 5:12 a.m.
  • Length: 7:51

All games in this series

Show
View Real Time Build Order
Export as new Build Order

XYXY Terran 

Build Orders:  

Get SALT Encoding   

  12  0:00  SCV  
  13  0:12  SCV  
  14  0:17  Supply Depot  
  14  0:24  SCV  
  15  0:38  SCV  
  15  0:40  Barracks  
  16  0:44  Refinery  
  16  0:50  SCV  
  17  1:02  SCV  
  18  1:14  SCV  
  19  1:27  Orbital Command  
  19  1:30  Marine  
  20  1:41  Command Center  
  20  1:53  SCV  
  21  1:57  Factory  
  21  2:03  Supply Depot  
  21  2:05  SCV  
  21  2:08  Barracks Reactor  
  22  2:13  Refinery  
  22  2:17  SCV  
  22  2:22  Bunker  
  23  2:29  SCV  
  24  2:41  Hellion  
  24  2:42  Starport  
  24  2:43  SCV  
  29  2:55  SCV, Orbital Command  
  29  2:56  Marine  
  29  3:08  SCV  
  30  3:13  Hellion  
  30  3:16  Marine x2  
  34  3:20  SCV  
  34  3:26  Medivac  
  37  3:27  SCV  
  37  3:30  Supply Depot  
  37  3:32  SCV  
  38  3:34  Marine x2  
  38  3:42  Cyclone  
  38  3:47  SCV x2  
  42  3:54  Supply Depot  
  42  3:56  Viking  
  42  3:59  SCV x2  
  42  4:00  Marine x2  
  48  4:11  SCV x2  
  48  4:15  Factory Tech Lab  
  50  4:17  Marine  
  50  4:18  Marine  
  50  4:23  SCV x2  
  54  4:24  Command Center  
  54  4:29  Starport Tech Lab  
  54  4:34  Siege Tank  
  54  4:35  SCV x2  
  60  4:47  SCV  
  60  4:51  Supply Depot  
  60  4:52  SCV  
  58  5:00  SCV, Barracks  
  58  5:02  Barracks, Marine x2  
  58  5:09  SCV  
  58  5:10  Starport Reactor, Engineering Bay x2  
  58  5:12  SCV  
  60  5:21  SCV, Siege Tank  
  61  5:24  SCV  
  65  5:30  Marine x2  
  65  5:33  SCV  
  68  5:36  SCV  
  68  5:38  Terran Infantry Weapons Level 1  
  68  5:41  Orbital Command  
  69  5:46  Refinery  
  69  5:47  Refinery  
  69  5:50  SCV, Barracks Tech Lab  
  69  5:51  SCV  
  71  5:58  Siege Tank  
  71  6:00  Stimpack  
  71  6:03  Orbital Command  
  74  6:05  SCV  
  74  6:06  SCV  
  74  6:08  Marauder  
  78  6:15  Combat Shield  
  78  6:18  SCV  
  79  6:19  Barracks  
  79  6:21  Barracks  
  79  6:23  SCV  
  80  6:30  SCV  
  80  6:31  SCV  
  82  6:36  Missile Turret  
  82  6:38  Missile Turret  
  83  6:40  SCV  
  83  6:42  SCV  
  83  6:46  Supply Depot  
  78  6:49  Supply Depot, Marauder, Orbital Command  
  67  6:54  Marauder, Marine x2  
  67  6:55  SCV  
  67  6:59  Siege Tank  
  69  7:02  SCV  
  69  7:08  Marine x2  
  70  7:11  Marine  
  72  7:16  Marine  
  72  7:17  Marine x2  
  60  7:26  Marine x2  
  60  7:29  Marine  
Show
View Real Time Build Order
Export as new Build Order

Firefly Protoss - Winner!

Build Orders: 1 Gate Expand 

Get SALT Encoding   

  12  0:00  Probe  
  13  0:12  Probe  
  14  0:17  Pylon  
  14  0:24  Probe  
  15  0:35  Gateway  
  15  0:38  Probe (Chrono Boost)  
  16  0:47  Probe (Chrono Boost)  
  16  0:48  Assimilator  
  17  0:52  Probe (Chrono Boost)  
  18  1:04  Probe  
  19  1:16  Probe  
  20  1:22  Cybernetics Core  
  20  1:33  Nexus  
  20  1:40  Pylon  
  20  1:43  Probe  
  21  1:54  Assimilator  
  21  1:55  Probe, Adept (Chrono Boost)  
  24  2:07  Probe (Chrono Boost)  
  26  2:16  Probe (Chrono Boost)  
  26  2:18  Robotics Facility  
  26  2:21  Probe (Chrono Boost)  
  26  2:27  Warp Gate  
  27  2:32  Adept  
  27  2:33  Probe  
  30  2:45  Probe (Chrono Boost)  
  32  2:51  Probe (Chrono Boost)  
  32  2:53  Shield Battery  
  32  2:55  Probe (Chrono Boost)  
  34  2:59  Probe (Chrono Boost)  
  34  3:00  Probe (Chrono Boost)  
  34  3:05  Robotics Bay  
  35  3:09  Probe  
  35  3:10  Observer  
  35  3:12  Probe  
  38  3:22  Probe  
  38  3:24  Gateway  
  38  3:25  Probe  
  40  3:28  Warp Prism (Chrono Boost)  
  40  3:34  Probe  
  43  3:37  Pylon, Probe  
  43  3:46  Probe  
  44  3:49  Assimilator, Probe  
  44  3:50  Assimilator  
  44  3:54  Disruptor (Chrono Boost)  
  45  3:58  Pylon, Probe  
  45  4:01  Probe  
  51  4:03  Shield Battery  
  51  4:10  Probe  
  51  4:11  Twilight Council  
  51  4:16  Probe  
  53  4:22  Stalker, Probe  
  56  4:25  Stalker  
  56  4:29  Probe  
  59  4:43  Blink (Chrono Boost), Probe  
  59  4:45  Probe  
  58  4:48  Nexus  
  60  5:03  Pylon  
  60  5:04  Pylon  
  60  5:06  Immortal  
  62  5:14  Probe  
  62  5:21  Probe  
  63  5:25  Stalker x2  
  67  5:28  Probe  
  67  5:33  Probe  
  69  5:37  Gateway  
  69  5:40  Gateway  
  70  5:45  Immortal (Chrono Boost), Probe  
  70  5:49  Sentry x2  
  78  5:55  Pylon  
  78  5:59  Probe x2  
  78  6:02  Probe  
  81  6:05  Shield Battery  
  81  6:13  Stalker x2  
  85  6:19  Probe x3  
  85  6:22  Observer  
  94  6:31  Probe x2  
  94  6:32  Probe  
  92  6:33  Stalker  
  92  6:36  Stalker x3  
  96  6:57  Probe x2  
  96  6:58  Probe  
  99  7:02  Pylon  
  99  7:04  Pylon, Forge  
  99  7:06  Pylon  
Tags
 
Add a new tag
Caveats
  • Supply blocks, unpowered buildings, or Contaminate may cause inaccurate times.
  • Supply counts are checked every 10 seconds.